 Dungeon Crawl Stone Soup version 0.31-a0-237-g2d982f9f85 (webtiles) character file.

Game seed: 17527751915530564024

653 qw the Shooter (level 7, -2/44 HPs)
             Began as a Gargoyle Hexslinger on July 10, 2023.
             Splashed by a jelly's acid (6 damage)
             ... on level 4 of the Dungeon.
             The game lasted 00:01:41 (3242 turns).

qw the Shooter (Gargoyle Hexslinger)                Turns: 3242, Time: 00:01:41

Health: -2/44      AC: 10    Str: 12    XL:     7   Next: 54%
Magic:  0/8        EV: 11    Int: 13    God:
Gold:   166        SH:  0    Dex: 14    Spells: 7/8 levels left

rFire   . . .        Y - +1 sling
rCold   . . .        (no shield)
rNeg    + . .        h - +3 leather armour
rPois   inf          d - +0 helmet
rElec   +            l - +0 cloak
rCorr   .            (no gloves)
SInv    .            n - +0 pair of boots
Will    .....        a - amulet of guardian spirit
Stlth   +            (no ring)
HPRegen 0.27/turn    (no ring)
MPRegen 0.11/turn

%: guardian spirit
@: about to teleport, corroded
A: sickness immunity, AC +4, negative energy resistance 1, electricity
resistance, torment resistance 1, petrification resistance
a: no special abilities


You were on level 4 of the Dungeon.
You visited 1 branch of the dungeon, and saw 4 of its levels.

You collected 215 gold pieces.
You spent 49 gold pieces at shops.


Innate Abilities, Weirdness & Mutations

You are immune to sickness and miasma.
Your stone body is resilient. (AC +4)
You are immune to poison.
You resist negative energy. (rN+)
You are resistant to electric shocks. (rElec)
You are resistant to unholy torment.
You are immune to petrification.


   Skills:
 - Level 4.6 Fighting
 + Level 6.8 Ranged Weapons
 - Level 1.2 Armour
 - Level 1.5 Dodging
 - Level 1.0 Spellcasting
 - Level 2.6 Hexes


You had 7 spell levels left.
You knew the following spells:

 Your Spells              Type           Power      Damage    Failure   Level
a - Slow                  Hex            28%        N/A       12%         1

Your spell library contained the following spells:

 Spells                   Type           Power      Damage    Failure   Level
 Inner Flame              Hex/Fire       4%         N/A       52%         3
 Portal Projectile        Hex/Tloc       8%         N/A       52%         3
 Cause Fear               Hex            3%         N/A       75%         4

Inventory:

Hand Weapons
 Y - a +1 sling (weapon)
Armour
 d - a +0 helmet (worn)
 h - a +3 leather armour (worn)
 l - a +0 cloak (worn)
 n - a +0 pair of boots (worn)
Jewellery
 a - an amulet of guardian spirit (around neck)
Scrolls
 b - 2 scrolls of identify
Potions
 g - a potion of curing {unknown}
 i - a potion of berserk rage {unknown}
 k - 2 potions of haste {unknown}
 m - a potion of magic {unknown}

Dungeon Overview and Level Annotations

Branches:
Dungeon (4/15)
 Temple: D:4-7

Altars:
Cheibriados

Shops:
D:3 [


Message History

The jelly barely misses you.
You shoot a sling bullet. The sling bullet hits the endoplasm.
The endoplasm is almost dead.
The endoplasm freezes you.
You are frozen.
The iguana bites you but does no damage.
The jelly hits you but does no damage.
You shoot a sling bullet. The sling bullet hits the endoplasm.
You kill the endoplasm!
The jelly closely misses you. The iguana closely misses you.
You shoot a sling bullet. The sling bullet hits the iguana.
The iguana is moderately wounded.
The jelly hits you but does no damage. The iguana barely misses you.
The jelly hits you but does no damage. The iguana completely misses you.
You shoot a sling bullet.
The sling bullet barely misses the iguana.
The iguana closely misses you. The jelly hits you but does no damage.
You shoot a sling bullet. The sling bullet hits the iguana.
The iguana is moderately wounded.
The jelly barely misses you. The iguana barely misses you.
You shoot a sling bullet.
The sling bullet hits the iguana but does no damage.
The iguana is moderately wounded.
The jelly hits you.
You are splashed with acid.
The iguana bites you.
You shoot a sling bullet.
The sling bullet barely misses the iguana.
The iguana barely misses you.
The jelly jiggles.
The jelly hits you.
You are splashed with acid!
You shoot a sling bullet.
The sling bullet closely misses the iguana.
The jelly barely misses you. The iguana bites you!
You shoot a sling bullet.
The sling bullet barely misses the iguana.
The jelly barely misses you. The iguana bites you!
3242 ||| READING scroll of teleportation.
As you read the scroll of teleportation, it crumbles to dust.
You feel strangely unstable. The jelly hits you. The acid corrodes you!
You are splashed with acid.
You die...

...#### .### # .## #. ..# #..
..# #.# ..# #..### .## ##
...#### ##.. #...###J...#####
...# ..8....l@)...... ##..
...###....##### .### ..#
##...#### .~~ ...# .. #..###
..ยค ...## #.###.## #.# ....#
..#..#### #########.#
.#..#####.#.##..#####>.....##.#
........#.#.#.#.##....####.##.#
.##.....#...#.....#.#.####.##.#


You could see an iguana and a jelly.

Vanquished Creatures
  Duvessa (D:4)
  2 phantoms (D:4)
  A scorpion (D:4)
  Dowan (D:4)
  A quasit (D:4)
  2 hounds
  An iguana (D:4)
  2 orc wizards (D:3)
  6 adders
  3 shadow imps (D:4)
  A white imp (D:4)
  3 worms
  3 dart slugs
  5 orcs
  4 endoplasms
  A giant cockroach (D:3)
  4 goblins
  5 hobgoblins
  A quokka (D:1)
  5 ball pythons
  2 bats (D:1)
  2 frilled lizards
  7 kobolds
  8 rats
71 creatures vanquished.

Notes
Turn   | Place    | Note
-------+----------+-------------------------------------------
     0 | D:1      | qw the Gargoyle Hexslinger began the quest for the Orb.
     0 | D:1      | Reached XP level 1. HP: 12/12 MP: 2/2
     0 | D:1      | 0 ||| qw: Version: 0.3-a-52-g30416fa
     0 | D:1      | 0 ||| qw: Game counter: 4962
     0 | D:1      | 0 ||| qw: Melee chars always use a shield: true
     0 | D:1      | 0 ||| qw: God list: Okawaru
     0 | D:1      | 0 ||| qw: Allow faded altars: false
     0 | D:1      | 0 ||| qw: Do Orc after clearing Dungeon:15 true
     0 | D:1      | 0 ||| qw: Do second Lair branch before Depths: true
     0 | D:1      | 0 ||| qw: Lair rune preference: random
     0 | D:1      | 0 ||| qw: Goals: Normal
     0 | D:1      | 0 ||| PLANNING D:1-11
   204 | D:1      | Reached XP level 2. HP: 16/16 MP: 3/3
   306 | D:1      | Reached skill level 3 in Ranged Weapons
   727 | D:1      | 727 ||| UPGRADING to +0 helmet.
   732 | D:1      | 732 ||| UPGRADING to +0 leather armour.
   742 | D:1      | 742 ||| DROPPING +0 robe.
   743 | D:1      | 743 ||| READING scroll labelled ZUBLUMP KYGI.
   744 | D:1      | 744 ||| READING scroll labelled FUOCLE PIMOI.
   745 | D:1      | 745 ||| READING scroll labelled VUGEIP GUMI.
   746 | D:1      | 746 ||| DROPPING scroll of poison.
   840 | D:2      | Reached XP level 3. HP: 21/21 MP: 4/4
  1258 | D:2      | 1258 ||| READING 2 scrolls labelled WAMNUO RYIMOYP.
  1262 | D:2      | 1262 ||| DRINKING 3 smoky pink potions.
  1263 | D:2      | 1263 ||| READING 2 scrolls of identify.
  1263 | D:2      | 1263 ||| IDENTIFYING fuming white potion
  1264 | D:2      | 1264 ||| DROPPING potion of degeneration.
  1265 | D:2      | 1265 ||| DROPPING 2 potions of brilliance.
  1361 | D:3      | Reached XP level 4. HP: 26/26 MP: 5/5
  1400 | D:3      | Reached skill level 4 in Ranged Weapons
  1428 | D:3      | Found a faded altar of an unknown god.
  1546 | D:3      | Found a snail-covered altar of Cheibriados.
  1689 | D:3      | Found Neaguy's Armour Shoppe.
  1698 | D:3      | 1698 ||| BUYING +0 pair of boots (49 gold).
  1698 | D:3      | Bought a +0 pair of boots for 49 gold pieces
  1698 | D:3      | 1698 ||| SHOPLISTING +3 ring mail "Xabea" {+Blink Will+
                  | Int-5 SInv} (355 gold, have 145).
  1958 | D:3      | 1958 ||| UPGRADING to +3 leather armour.
  1968 | D:3      | 1968 ||| DROPPING +0 leather armour.
  1969 | D:3      | 1969 ||| UPGRADING to +0 cloak.
  1974 | D:3      | 1974 ||| UPGRADING to +0 pair of boots.
  1979 | D:3      | 1979 ||| UPGRADING to amulet of guardian spirit.
  1984 | D:3      | 1984 ||| READING scroll labelled LOCYINOTEYR.
  1985 | D:3      | 1985 ||| READING scroll labelled KUTIOTUZIT.
  2017 | D:4      | 2017 ||| PLANNING OSSUARY
  2024 | D:4      | 2024 ||| STAIRDANCE
  2032 | D:3      | Reached skill level 1 in Armour
  2045 | D:3      | HP: 6/26 [something/magic dart (8)]
  2049 | D:3      | Reached XP level 5. HP: 8/30 MP: 2/6
  2144 | D:4      | 2144 ||| STAIRDANCE
  2198 | D:3      | Reached skill level 5 in Ranged Weapons
  2235 | D:4      | 2235 ||| STAIRDANCE
  2396 | D:4      | Reached skill level 3 in Fighting
  2396 | D:4      | Reached XP level 6. HP: 30/37 MP: 5/7
  2435 | D:4      | Identified the +5 rapier "Zokaq" {protect, +Blink Str+3}
  2453 | D:4      | Noticed Duvessa
  2456 | D:4      | Noticed Dowan
  2468 | D:4      | HP: 8/37 [Duvessa/+0 short sword (7)]
  2469 | D:4      | 2469 ||| READING 3 scrolls of teleportation.
  2626 | D:4      | 2626 ||| RIP OSSUARY
  2627 | D:4      | 2627 ||| PLANNING D:1-11
  2798 | D:4      | Reached skill level 6 in Ranged Weapons
  2804 | D:4      | HP: 8/37 [shadow imp (3)]
  2805 | D:4      | 2805 ||| READING 2 scrolls of teleportation.
  2948 | D:4      | Killed Duvessa
  2949 | D:4      | Reached XP level 7. HP: 41/44 MP: 8/8
  3003 | D:4      | Killed Dowan
  3241 | D:4      | HP: 5/44 [iguana (9)]
  3242 | D:4      | 3242 ||| READING scroll of teleportation.
  3242 | D:4      | Splashed by a jelly's acid

Levels and vault maps discovered:
D:1:      dpeg_arrival_prison, layout_basic
D:2:      layout_rooms
D:3:      layout_loops_ring, cheibriados_altar_1, serial_shops,
          nicolae_diamond_shop, chequers_ecumenical_altar_simple_redux,
          due_unseen_surprise
D:4:      minmay_general_purpose_star, layout_loops_cross,
          nicolae_overflow_hidden_temple, serial_demonic, serial_demonic_a,
          serial_demonic_d, serial_demonic_e, serial_demonic_g,
          serial_demonic_g, chequers_ossuary_entry_cave, serial_shops, shop,
          nicolae_letterblocks [nicolae_letter_subblock,
          nicolae_letter_subblock, nicolae_letter_subblock,
          nicolae_letter_subblock, nicolae_letter_subblock,
          nicolae_letter_subblock, nicolae_letter_subblock,
          nicolae_letter_subblock, nicolae_letter_subblock,
          nicolae_letter_subblock, nicolae_letter_subblock,
          nicolae_letter_subblock, nicolae_letter_subblock,
          nicolae_letter_subblock, nicolae_letter_subblock,
          nicolae_letter_subblock, nicolae_letter_subblock,
          nicolae_letter_subblock, nicolae_letter_subblock,
          nicolae_letter_subblock, nicolae_letter_subblock,
          nicolae_letter_subblock, nicolae_letter_subblock,
          nicolae_letter_subblock, nicolae_letter_subblock], uniq_duvessa

Skill      XL: |  1  2  3  4  5  6 |
---------------+-------------------+-----
Ranged Weapons | 3 4 5 6 |  6.8
Fighting       | 2 3 4 |  4.6
Armour         | 1 |  1.2
Dodging        | |  1.5
Spellcasting   | |  1.0
Hexes          | |  2.6

Action                     |  1- 3 |  4- 6 |  7- 9 || total
---------------------------+-------+-------+-------++-------
   Fire: Sling             |   105 |   267 |    60 ||   432
    Use: Scroll            |     5 |     4 |     1 ||    10
         Potion            |     1 |       |       ||     1
 Armour: Robe              |     1 |       |       ||     1
         Leather armour    |    11 |   178 |    19 ||   208
  Dodge: Dodged            |    25 |   183 |    27 ||   235

Table legend:
 A = Non-vault XP
 B = Vault XP
 C = Vault XP percentage of total XP
 D = Non-vault monster count
 E = Vault monster count
 F = Vault count percentage of total count
                 A         B        C        D         E       F
            +---------+---------+-------+---------+---------+-------
      Total |     533 |     400 |  42.9 |      62 |       9 |  12.7
            +---------+---------+-------+---------+---------+-------
        D:1 |      26 |       0 |   0.0 |      15 |       0 |   0.0
        D:2 |      46 |       0 |   0.0 |      16 |       0 |   0.0
        D:3 |     162 |       0 |   0.0 |      20 |       0 |   0.0
        D:4 |     299 |     400 |  57.2 |      11 |       9 |  45.0
            +---------+---------+-------+---------+---------+-------
